 Dungeon Crawl Stone Soup version 0.19.0-24-gb05acd6 (console) character file.

46 Jesseh the Magician (level 3, -3/24 HPs)
             Began as a Demonspawn Wizard on Nov 21, 2016.
             Was an Initiate of Okawaru.
             Slain by a gnoll
             ... wielding a +0 spear
              (6 damage)
             ... on level 2 of the Dungeon.
             The game lasted 00:13:09 (1464 turns).

Jesseh the Magician (Demonspawn Wizard)             Turns: 1464, Time: 00:13:10

Health: -3/24      AC:  1    Str:  7    XL:     3   Next: 46%
Magic:  3/7        EV: 12    Int: 20    God:    Okawaru [......]
Gold:   84         SH:  0    Dex: 11    Spells: 3 memorised, 2 levels left

rFire  . . .     SeeInvis .     n - +0 short sword
rCold  . . .     Gourm    .     a - +0 robe
rNeg   . . .     Faith    .     (no shield)
rPois  .         Spirit   .     b - +0 hat
rElec  .         Reflect  .     (no cloak)
rCorr  .         Harm     .     (no gloves)
MR     .....                    r - -2 pair of boots
Stlth  ++........               (no amulet)
                                (no ring)
                                (no ring)

@: no status effects
A: spiny 1
a: Renounce Religion


You were on level 2 of the Dungeon.
You worshipped Okawaru.
Okawaru was noncommittal.
You were not hungry.

You visited 1 branch of the dungeon, and saw 2 of its levels.

You collected 84 gold pieces.

Inventory:

Hand Weapons
 n - a +0 short sword (weapon)
   (You took it off a kobold on level 1 of the Dungeon)
 t - a +0 dagger
   (You took it off a kobold on level 2 of the Dungeon)
Armour
 a - a +0 robe (worn)
 b - a +0 hat (worn)
 r - a -2 pair of boots (worn)
   (You found it on level 2 of the Dungeon)
Scrolls
 j - a scroll of identify {unknown}
 m - a scroll of remove curse
 o - a scroll of noise {unknown}
 p - a scroll of amnesia {unknown}
 s - a scroll of teleportation {unknown}
Potions
 e - 2 potions of curing {unknown}
 q - a potion of degeneration {unknown}
Books
 c - a book of Minor Magic
Comestibles
 d - a bread ration
 f - 2 chunks of flesh
 g - 2 beef jerkies
 l - a slice of pizza


   Skills:
 - Level 1.7 Dodging
 - Level 1.7 Stealth
 - Level 3.0 Spellcasting
 - Level 3.0 Conjurations
   Level 1.0 Summonings
 - Level 1.2 Translocations
 * Level 0.1 Air Magic
 + Level 0.8 Poison Magic


You had 2 spell levels left.
You knew the following spells:

 Your Spells              Type           Power        Failure   Level  Hunger
a - Magic Dart            Conj           ###.         4%          1    None
b - Blink                 Tloc           N/A          14%         2    ##.....
c - Mephitic Cloud        Conj/Pois/Air  #.......     24%         3    ###....


Dungeon Overview and Level Annotations

Branches:
Dungeon (2/15)

Altars:
Okawaru


Innate Abilities, Weirdness & Mutations

You are partially covered in sharp spines.


Message History

There is an iron altar of Okawaru here.
You kneel at the altar of Okawaru.
Okawaru welcomes you!
A goblin comes into view.
Aim: a goblin (resting)
The magic dart hits the goblin.
The goblin shouts!
Aim: a goblin (heavily wounded)
The magic dart hits the goblin.
Aim: a goblin (severely wounded)
The magic dart hits the goblin.
You kill the goblin!
Okawaru accepts your kill.
You now have 84 gold pieces (gained 15).
q - a murky dark potion You see here a goblin corpse.
You butcher the goblin corpse.
f - 4 chunks of flesh (gained 2)
r - a pair of boots You see here a hand axe.
Wield which item (- for none, * to show all)? (? for menu, Esc to quit)
Okay, then.
Wear which item? (? for menu, Esc to quit)
You start putting on your armour.
You continue putting on your pair of boots.
Some of the chunks of flesh in your inventory have rotted away.
You continue putting on your pair of boots. x3
You finish putting on your cursed -2 pair of boots.
Oops, that feels deathly cold.
Found an escape hatch in the ceiling.
s - a scroll labeled PAAS LUIKLIHAD
There is an escape hatch in the ceiling here.
A bat comes into view.
The bat barely misses you.
Aim: a bat The magic dart hits the bat.
The bat is struck by your spines.
You kill the bat!
Okawaru accepts your kill.
A kobold comes into view. It is wielding a dagger.
The kobold shouts!
The kobold throws a stone.
The stone completely misses you.
A hobgoblin comes into view. It is wielding a club.
You see here a stone.
Aim: a kobold, wielding a dagger The magic dart hits the kobold.
Aim: a kobold, wielding a dagger (severely wounded)
The magic dart hits the kobold.
You kill the kobold!
Okawaru accepts your kill.
Aim: a hobgoblin, wielding a club The magic dart hits the hobgoblin.
Aim: a hobgoblin, wielding a club (moderately wounded)
The magic dart hits the hobgoblin.
Aim: a hobgoblin, wielding a club (heavily wounded)
The magic dart hits the hobgoblin.
You kill the hobgoblin!
Okawaru accepts your kill.
Your Conjurations skill increases to level 3!
You see here a club.
You see here a dagger.
t - a dagger Wield which item (- for none, * to show all)? (? for menu, Esc to quit)
t - a +0 dagger (weapon)
Drop what? 20/52 slots (_ for help) (? for menu, Esc to quit)
You drop a +0 dagger. x2
You drop a +0 short sword.
You are feeling hungry.
Eating one of 3 chunks of flesh.
You start eating one of the 3 chunks of flesh.
Wield which item (- for none, * to show all)? (? for menu, Esc to quit)
n - a +0 short sword (weapon)
A gnoll comes into view. It is wielding a spear.
The gnoll shouts!
A gnoll comes into view. It is wielding a spear.
Aim: a gnoll, wielding a spear The magic dart hits the gnoll.
The gnoll shouts!
Aim: a gnoll, wielding a spear (moderately wounded)
The magic dart hits the gnoll.
A gnoll comes into view.
Aim: a gnoll, wielding a spear (moderately wounded)
The magic dart hits the gnoll.
The gnoll shouts!
The gnoll closely misses you.
The gnoll moves out of view.
Aim: a gnoll, wielding a spear (severely wounded)
The magic dart hits the gnoll.
The gnoll barely misses you. The gnoll misses you.
You barely miss the gnoll. The gnoll hits you with a spear.
The gnoll hits you from afar with a spear.
You closely miss the gnoll. The gnoll closely misses you.
The gnoll hits you from afar with a spear!
* * * LOW HITPOINT WARNING * * *
You barely miss the gnoll. The gnoll closely misses you.
You closely miss the gnoll. The gnoll hits you with a spear.
* * * LOW HITPOINT WARNING * * *
As you read the scroll labeled MOERYJYMORE, it crumbles to dust.
You feel as if something is helping you.
It was a scroll of remove curse.
The gnoll hits you from afar with a spear.
You die...

..▒▒...▒.........
▒...▒.........
▒▒▒▒▒▒▒▒▒...▒.........
▒...........▒▒g.......
▒........▒▒▒..........
▒........▒▒▒.▒.▒......
▒.....g...g..._.......
▒.....▒......▒.▒..▒▒▒.
▒....6▒...........▒▒▒▒
▒.....▒..............▒
▒.....▒..............▒
▒.....▒▒▒▒▒▒▒▒▒......▒
▒.....▒▒▒▒▒▒▒▒▒....▒▒▒
▒.)..)..(.....▒.▒..▒
▒▒▒▒.▒▒▒▒▒▒▒▒.▒.▒..▒▒▒
▒.▒ ▒.▒.▒.....
▒.▒▒▒▒▒▒▒▒.▒.▒▒▒▒▒▒


You could see a gnoll.

Vanquished Creatures
  An adder (D:2)
  A leopard gecko (D:1)
  A giant cockroach (D:1)
  9 goblins
  6 hobgoblins
  2 jackals (D:1)
  5 kobolds
  A ball python (D:1)
  2 bats
  2 frilled lizards (D:1)
  4 rats
34 creatures vanquished.

Notes
Turn   | Place    | Note
-------+----------+-------------------------------------------
     0 | D:1      | Jesseh the Demonspawn Wizard began the quest for the Orb.
     0 | D:1      | Reached XP level 1. HP: 13/13 MP: 4/4
   215 | D:1      | Reached skill level 2 in Conjurations
   240 | D:1      | Gained mutation: You are partially covered in sharp spines. [demonic ancestry]
   240 | D:1      | Reached XP level 2. HP: 19/19 MP: 1/6
   257 | D:1      | Learned a level 2 spell: Blink
   307 | D:1      | Reached skill level 1 in Translocations
   890 | D:1      | Reached XP level 3. HP: 22/24 MP: 4/7
   895 | D:1      | Learned a level 3 spell: Mephitic Cloud
  1134 | D:2      | Found an iron altar of Okawaru.
  1331 | D:2      | Became a worshipper of Warmaster Okawaru
  1412 | D:2      | Reached skill level 3 in Conjurations
  1448 | D:2      | HP: 2/24 [gnoll/spear (5)]
  1464 | D:2      | Slain by a gnoll

Skill      XL: |  1  2  3 |
---------------+----------+-----
Conjurations   | 2 3 |  3.0
Translocations | 1 |  1.2
Dodging        | |  1.7
Stealth        | |  1.7
Spellcasting   | |  3.0
Summonings     | |  1.0
Air Magic      | |  0.1
Poison Magic   | |  0.8

Action                   || total
-------------------------++-------
Melee: Whip              ||     1
       Short sword       ||    37
       Dagger            ||     9
 Cast: Magic Dart        ||    64
  Use: Scroll            ||     1
  Eat: Chunk             ||     2
Armor: Robe              ||     7
Dodge: Dodged            ||    36

Vault maps used:
D:1:      dpeg_arrival_oval, kennysheep_doodads
D:2:      okawaru_metal_pillars_1_2

Table legend:
 A = Turns spent in this place as a percentage of turns spent in the entire game.
 B = Non-inter-level travel turns spent in this place as a percentage of non-inter-level travel turns spent in the entire game.
 C = Inter-level travel turns spent in this place as a percentage of turns spent in this place.
 D = Turns resting spent in this place as a percentage of non-inter-level travel turns spent in this place.
 E = Turns spent auto-exploring this place as a percentage of non-inter-level travel turns spent in this place.
 F = Non-inter-level travel turns spent in this place divided by the number of levels of this place that you've seen.
                   A       B       C       D       E      F
               +-------+-------+-------+-------+-------+----------------------
         Total | 100.0 | 100.0 |   0.8 |   2.4 |   5.0 | 251.5
       Dungeon | 100.0 | 100.0 |   0.8 |   2.4 |   5.0 | 251.5
               +-------+-------+-------+-------+-------+----------------------

Table legend:
 A = Kills in this place as a percentage of kills in entire the game.
 B = Kills by you in this place as a percentage of kills by you in the entire game.
 C = Kills by friends in this place as a percentage of kills by friends in the entire game.
 D = Other kills in this place as a percentage of other kills in the entire game.
 E = Experience gained in this place as a percentage of experience gained in the entire game.
 F = Experience gained in this place divided by the number of levels of this place that you have seen.
                   A       B       C       D       E      F
               +-------+-------+-------+-------+-------+----------------------
         Total | 100.0 | 100.0 |  -nan |  -nan | 100.0 |  33.5
       Dungeon | 100.0 | 100.0 |  -nan |  -nan | 100.0 |  33.5
               +-------+-------+-------+-------+-------+----------------------
